Map: Vigía EE

Players

Cymek

  • Race: Zerg Zerg
  • Spawn Location: 9:00

MercN

  • Race: Terran Terran
  • Spawn Location: 9:00

iSmightThee

  • Race: Protoss Protoss
  • Spawn Location: 12:00

TATORREA - Winner!

  • Race: Protoss Protoss
  • League: Silver
  • Spawn Location: 5:00

MrFercho - Winner!

  • Race: Zerg Zerg
  • League: Silver
  • Spawn Location: 6:00

tigro - Winner!

  • Race: Terran Terran
  • League: Bronze
  • Spawn Location: 5:00

VOD

Have the link to the VOD?

Description

Time

  • Played on: June 14, 2020, 10:55 p.m.
  • Length: 19:46
Show
View Real Time Build Order
Export as new Build Order

Cymek Zerg 

Build Orders: Pool First 

Get SALT Encoding   

  12  0:01  Drone  
  13  0:14  Overlord  
  13  0:31  Drone  
  13  0:35  Drone x2  
  16  0:45  Spawning Pool  
  16  0:47  Drone  
  16  0:59  Drone  
  17  1:15  Drone x2  
  19  1:27  Hatchery  
  19  1:32  Queen  
  20  1:34  Drone  
  21  1:42  Drone  
  22  2:00  Extractor  
  21  2:02  Extractor  
  21  2:03  Drone x2  
  21  2:07  Overlord  
  22  2:25  Queen  
  22  2:29  Drone  
  26  2:30  Drone  
  26  2:44  Drone x4  
  30  2:52  Extractor  
  30  2:53  Extractor  
  28  3:15  Drone  
  28  3:16  Drone x2  
  28  3:17  Drone x3  
  34  3:23  Drone x2  
  34  3:25  Overlord  
  36  3:40  Overlord x2  
  36  3:57  Hatchery  
  36  3:59  Overlord  
  36  4:00  Overlord  
  35  4:14  Zergling x12  
  35  4:15  Zergling x4  
  43  4:39  Drone x7  
  50  4:53  Zergling x10  
  55  5:04  Metabolic Boost  
  55  5:13  Zergling x10  
  56  5:27  Drone  
  55  5:29  Queen  
  57  5:40  Lair  
  57  5:48  Roach Warren  
  54  5:50  Drone  
  54  5:51  Drone  
  56  6:00  Extractor  
  55  6:13  Pneumatized Carapace  
  55  6:15  Drone x3  
  58  6:20  Extractor  
  57  6:32  Overlord x2  
  57  6:33  Overlord  
  57  6:35  Overlord  
  57  6:54  Overlord  
  57  7:00  Roach  
  57  7:01  Roach x11  
  81  7:02  Overlord x2  
  81  7:03  Overlord  
  81  7:07  Drone  
  82  7:26  Roach  
  82  7:27  Roach x10  
  103  7:51  Zergling x2  
  103  7:52  Zergling x14  
  109  8:08  Drone x2  
  107  8:30  Zergling x12  
  107  8:31  Zergling x2  
  112  8:42  Hydralisk Den  
  112  8:46  Drone  
  112  8:47  Drone x2  
  67  9:20  Hydralisk x5  
  67  9:21  Hydralisk x9  
  95  9:42  Hydralisk  
  95  9:43  Hydralisk x8  
  99  10:18  Hydralisk x5  
  99  10:19  Hydralisk x3  
  114  10:26  Evolution Chamber  
  113  10:31  Evolution Chamber  
  112  10:36  Hatchery  
  111  10:47  Hatchery  
  110  10:56  Overlord  
  110  10:57  Overlord x3  
  96  11:37  Hydralisk x9  
  114  11:45  Drone x3  
  117  11:51  Drone x5  
  117  11:52  Drone  
  123  11:57  Drone  
  124  12:14  Overseer x2, Extractor  
  123  12:16  Extractor  
  122  12:27  Drone x5  
  122  12:28  Drone x8  
  121  12:46  Hydralisk  
  121  12:47  Hydralisk x10  
  123  13:06  Hydralisk x6  
  123  13:07  Hydralisk  
  135  13:18  Hydralisk x4  
  115  13:27  Drone x4  
  115  13:28  Drone x2  
  82  13:51  Hydralisk  
  82  13:52  Hydralisk x7  
  91  14:16  Hydralisk x7  
  91  14:17  Hydralisk x6  
  105  14:39  Zerg Missile Weapons Level 1  
  79  15:02  Hydralisk  
  79  15:03  Hydralisk x8  
  79  15:04  Hydralisk  
  88  15:31  Hydralisk  
  88  15:35  Overlord x2  
  81  15:51  Zergling x12  
  81  15:52  Zergling x14  
  57  16:19  Zergling x2  
  57  16:20  Zergling x12  
  55  16:27  Zergling x2  
  55  16:28  Zergling x14  
  54  16:57  Zergling x2  
  54  16:58  Zergling x12  
  54  17:00  Queen  
  57  17:10  Zergling x2  
  57  17:11  Zergling x10  
  62  17:26  Zergling x10  
  65  17:38  Zergling x2  
  65  17:39  Zergling x4  
  60  17:44  Zergling x8  
  60  17:45  Zergling x2  
  63  17:51  Hatchery  
  62  17:59  Zergling x6  
  56  18:20  Zergling x14  
  56  18:21  Zergling x4  
Show
View Real Time Build Order
Export as new Build Order

MercN Terran 

Build Orders:  

Get SALT Encoding   

  12  0:02  SCV  
  13  0:25  SCV, Supply Depot  
  14  0:37  SCV  
  15  0:47  Supply Depot  
  15  0:49  SCV  
  16  1:01  SCV  
  17  1:11  Supply Depot  
  17  1:13  SCV  
  18  1:19  Supply Depot  
  18  1:25  SCV  
  18  1:31  Refinery  
  19  1:42  Barracks  
  19  1:48  Supply Depot  
  19  2:02  SCV  
  20  2:18  Barracks  
  20  2:24  SCV  
  21  2:36  SCV  
  22  2:38  Engineering Bay  
  22  2:43  Refinery  
  22  2:54  SCV  
  23  3:06  SCV  
  24  3:14  Missile Turret  
  24  3:16  Missile Turret  
  24  3:19  SCV  
  25  3:33  Missile Turret  
  25  3:38  Sensor Tower  
  25  3:39  Factory  
  25  3:57  Missile Turret  
  25  4:00  Barracks Reactor  
  25  4:02  Barracks Reactor  
  25  4:18  Missile Turret  
  25  4:24  Supply Depot  
  25  4:27  Factory Tech Lab  
  25  4:31  Orbital Command  
  25  4:33  Terran Infantry Weapons Level 1  
  25  4:39  Missile Turret  
  25  4:46  Supply Depot  
  25  4:59  Marine  
  25  5:00  Marine  
  25  5:02  Marine x2  
  25  5:05  Command Center  
  29  5:17  Marine x2  
  31  5:21  Marine  
  31  5:22  Marine  
  31  5:26  Siege Tank  
  36  5:35  Marine x2  
  36  5:39  Marine x2  
  40  5:47  Supply Depot  
  40  5:57  Marine x2  
  40  6:03  Missile Turret  
  42  6:18  Missile Turret  
  42  6:23  Missile Turret  
  42  6:28  Terran Infantry Armor Level 1  
  43  6:39  Missile Turret  
  43  6:42  Planetary Fortress  
  43  6:47  Marine x2  
  44  6:59  Supply Depot  
  44  7:04  Marine x2  
  46  7:22  Marine x2  
  48  7:32  SCV  
  49  7:37  Siege Tank  
  49  7:40  Marine x2  
  54  8:09  Siege Tank  
  56  8:22  Hi-Sec Auto Tracking  
  36  9:11  Marine x2  
  36  9:13  Marine x2  
  40  9:19  Siege Tank, Neosteel Armor  
  43  9:29  Marine x2  
  45  9:31  Marine x2  
  45  9:33  SCV  
  48  9:45  SCV  
  49  9:47  Marine x2  
  49  9:48  Barracks  
  49  9:49  Marine x2  
  49  9:51  Siege Tank  
  56  10:05  Marine x2, Starport  
  56  10:07  Marine x2  
  60  10:23  Marine x2, Siege Tank  
  60  10:24  Marine  
  60  10:25  Marine  
  67  10:39  Barracks Tech Lab  
  67  10:40  Marine x2  
  67  10:42  Marine x2  
  69  10:43  Armory  
  71  10:55  Siege Tank  
  74  10:58  Marine x2  
  74  11:00  Marine x2  
  78  11:09  Starport Tech Lab  
  78  11:16  Marine x2  
  78  11:18  Marine x2  
  81  11:20  Marine  
  83  11:27  Siege Tank  
  86  11:34  Marine x2, Fusion Core  
  86  11:36  Marine x2  
  86  11:37  Marine  
  91  11:55  Marine  
  91  11:59  Siege Tank  
  95  12:13  Marine  
  96  12:31  Marine, Siege Tank  
  61  12:56  Marine  
  35  13:03  Marine x2, Thor  
  35  13:05  Marine x2  
  38  13:13  Marine  
  38  13:16  Liberator  
  40  13:21  Marine x2  
  40  13:22  Marine  
  40  13:23  Marine  
  37  13:39  Marine x2  
  37  13:40  Marine x2  
  40  13:46  Thor  
  43  13:57  Marine x2  
  39  14:14  Liberator  
  39  14:15  Marine x2  
  44  14:29  Thor  
  50  14:32  Marine  
  50  14:33  Marine  
  44  14:50  Marine  
  45  14:57  Liberator  
  31  15:39  Liberator  
  29  16:01  Missile Turret  
  29  16:22  Missile Turret  
  29  16:29  Missile Turret  
  6  17:28  Siege Tank  
Show
View Real Time Build Order
Export as new Build Order

iSmightThee Protoss 

Build Orders:  

Get SALT Encoding   

  12  0:00  Probe  
  13  0:08  Probe  
  14  0:18  Probe  
  15  0:33  Pylon  
  15  0:51  Probe  
  16  1:03  Gateway  
  16  1:29  Pylon  
  16  1:55  Gateway  
  16  1:57  Zealot  
  18  2:06  Probe  
  19  2:18  Probe, Pylon  
  20  2:24  Zealot  
  22  2:30  Probe  
  23  2:42  Probe  
  23  2:43  Cybernetics Core  
  24  2:47  Forge  
  24  2:50  Gateway  
  24  2:51  Zealot  
  24  2:53  Gateway  
  24  2:55  Probe  
  27  3:02  Gateway  
  27  3:04  Gateway  
  27  3:07  Gateway  
  27  3:16  Pylon  
  27  3:19  Zealot  
  29  3:27  Assimilator  
  29  3:29  Probe  
  29  3:32  Assimilator  
  30  3:34  Zealot  
  30  3:41  Probe  
  33  3:46  Zealot  
  35  4:38  Nexus  
  35  4:44  Pylon  
  35  4:54  Pylon  
  35  5:00  Pylon  
  35  5:17  Pylon  
  35  5:20  Pylon  
  35  5:34  Twilight Council  
  35  5:40  Zealot x3  
  35  5:41  Protoss Ground Weapons Level 1  
  41  6:00  Nexus  
  41  6:18  Robotics Facility  
  41  6:20  Robotics Facility  
  41  6:29  Robotics Facility  
  41  6:33  Robotics Facility  
  41  6:43  Pylon  
  41  6:44  Probe  
  41  6:53  Probe  
  43  7:01  Assimilator  
  43  7:02  Probe  
  43  7:05  Assimilator  
  44  7:09  Probe  
  44  7:14  Probe  
  46  7:17  Probe  
  47  7:26  Probe  
  47  7:27  Probe  
  49  7:34  Probe  
  49  7:39  Probe  
  49  7:42  Probe  
  52  7:51  Probe  
  52  7:53  Probe, Protoss Ground Armor Level 1  
  54  8:03  Probe  
  54  8:05  Probe  
  56  8:09  Assimilator  
  56  8:13  Assimilator  
  56  8:15  Probe  
  57  8:21  Probe  
  58  8:27  Probe  
  58  8:29  Probe  
  58  8:33  Immortal  
  64  8:39  Probe x2  
  64  8:41  Immortal  
  69  8:44  Charge  
  70  8:51  Probe  
  70  8:53  Robotics Bay  
  71  8:55  Probe  
  72  9:03  Probe  
  72  9:04  Probe  
  72  9:09  Immortal  
  78  9:11  Probe  
  78  9:12  Probe  
  80  9:20  Probe  
  80  9:23  Probe  
  82  9:29  Probe  
  82  9:35  Probe  
  82  9:36  Immortal  
  82  9:37  Immortal  
  92  9:41  Probe  
  93  9:46  Extended Thermal Lance  
  93  9:54  Probe  
  94  10:02  Protoss Shields Level 1  
  94  10:08  Nexus  
  94  10:12  Assimilator  
  94  10:16  Assimilator  
  94  10:24  Colossus x2  
  106  10:33  Immortal  
  110  10:41  Probe  
  111  10:53  Probe  
  112  11:05  Probe  
  113  11:13  Colossus  
  113  11:17  Colossus  
  125  11:19  Colossus x2  
  125  11:21  Zealot  
  139  11:26  Gravitic Boosters  
  139  11:28  Probe  
  140  11:51  Pylon  
  140  11:52  Pylon  
  140  11:54  Pylon x2  
  140  12:01  Pylon  
  140  12:05  Pylon  
  140  12:09  Probe, Zealot x3  
  140  12:10  Protoss Ground Weapons Level 2  
  140  12:14  Pylon  
  147  12:16  Pylon  
  147  12:18  Colossus x2  
  147  12:21  Probe  
  160  12:25  Pylon  
  160  12:29  Pylon  
  160  12:33  Probe  
  160  12:34  Colossus  
  160  12:35  Colossus  
  173  12:37  Zealot  
  175  12:46  Probe  
  176  13:10  Stalker x5  
  160  13:40  Stalker x5  
  108  14:10  Stalker  
  108  14:17  Stalker x5  
  105  14:40  Stalker  
  105  14:42  Stalker  
  105  14:44  Protoss Ground Armor Level 2  
  109  14:47  Stalker x5  
  119  15:10  Stalker  
  119  15:12  Stalker  
  121  15:17  Stalker x5  
  122  15:39  Stalker  
  110  15:47  Stalker x4  
  82  16:01  Colossus x2  
  82  16:02  Colossus x2  
  106  16:09  Stalker  
  104  16:17  Stalker x4  
  100  16:39  Stalker  
  142  16:47  Stalker x4  
  100  16:53  Probe  
  108  16:55  Colossus x4  
  133  17:01  Probe  
  134  17:09  Stalker  
  134  17:10  Probe, Stalker  
  139  17:17  Stalker x4  
  147  17:23  Probe  
  148  17:35  Probe  
  149  17:39  Stalker  
  101  18:04  Stalker x2  
  101  18:05  Stalker x3  
  105  18:09  Stalker  
  107  18:20  Probe  
  108  18:28  Probe  
  109  18:34  Stalker x2  
  109  18:35  Stalker x3  
  109  18:37  Probe  
  109  18:39  Stalker  
  109  18:40  Stalker  
  124  18:49  Probe  
  149  19:01  Probe  
Show
View Real Time Build Order
Export as new Build Order

TATORREA Protoss - Winner!

Build Orders:  

Get SALT Encoding   

  12  0:02  Probe  
  13  0:14  Probe  
  13  0:20  Pylon  
  14  0:24  Probe  
  15  0:34  Probe  
  16  0:43  Probe  
  16  0:49  Gateway  
  17  0:55  Probe  
  18  1:00  Assimilator  
  18  1:07  Probe  
  19  1:30  Probe  
  20  1:40  Probe  
  20  1:43  Assimilator  
  20  1:44  Pylon  
  21  1:48  Probe  
  22  1:57  Probe  
  23  2:10  Probe  
  24  2:22  Probe  
  25  2:35  Probe, Nexus  
  25  2:36  Pylon  
  26  2:47  Probe  
  27  2:52  Cybernetics Core  
  27  2:54  Gateway  
  27  2:57  Gateway  
  27  2:59  Probe  
  27  3:00  Gateway  
  27  3:02  Gateway  
  28  3:07  Probe  
  29  3:15  Probe  
  30  3:26  Probe  
  31  3:39  Probe  
  31  3:40  Stalker  
  34  3:42  Warp Gate  
  34  3:45  Stalker x2  
  38  3:48  Stalker  
  38  3:51  Stalker  
  38  3:53  Probe  
  43  3:56  Probe  
  44  4:05  Probe, Pylon  
  44  4:08  Probe  
  46  4:18  Probe  
  46  4:19  Assimilator  
  46  4:20  Probe  
  46  4:23  Assimilator  
  48  4:30  Probe  
  49  4:32  Probe  
  50  4:42  Probe  
  50  4:44  Probe  
  52  4:45  Nexus  
  52  4:48  Pylon  
  52  4:54  Probe  
  52  4:56  Probe  
  54  5:06  Probe, Robotics Facility  
  55  5:09  Probe, Pylon  
  56  5:14  Pylon  
  56  5:18  Probe  
  56  5:21  Probe  
  50  5:30  Probe  
  50  5:31  Stalker x2  
  50  5:33  Probe  
  54  5:35  Stalker  
  54  5:36  Stalker x2  
  54  5:42  Probe  
  61  5:45  Probe  
  62  5:54  Probe  
  63  5:57  Twilight Council  
  63  5:59  Probe  
  63  6:00  Stargate  
  63  6:02  Stargate  
  64  6:04  Probe  
  64  6:06  Probe  
  64  6:10  Assimilator  
  64  6:11  Probe  
  67  6:13  Assimilator  
  67  6:16  Probe  
  68  6:19  Probe  
  68  6:23  Probe, Nexus  
  70  6:26  Pylon  
  70  6:28  Probe, Pylon  
  70  6:31  Probe  
  72  6:35  Probe  
  72  6:37  Immortal  
  77  6:41  Probe  
  77  6:43  Probe  
  77  6:45  Stalker x2  
  83  6:47  Probe  
  83  6:53  Probe  
  85  6:55  Probe  
  85  6:59  Probe  
  87  7:05  Probe  
  87  7:07  Probe  
  89  7:11  Probe  
  89  7:13  Stalker x4  
  89  7:14  Stalker  
  100  7:17  Probe, Observer  
  100  7:19  Void Ray x2, Probe  
  111  7:23  Probe  
  111  7:29  Probe  
  113  7:30  Assimilator  
  113  7:31  Probe  
  113  7:34  Assimilator  
  113  7:35  Probe  
  115  7:41  Probe  
  115  7:43  Probe  
  117  7:51  Probe  
  118  7:53  Probe  
  119  8:12  Stalker x3, Nexus  
  123  8:13  Stalker x2  
  123  8:18  Pylon  
  129  8:20  Pylon  
  129  8:28  Pylon  
  129  8:32  Pylon  
  129  8:36  Void Ray, Immortal  
  129  8:37  Void Ray  
  141  8:41  Stalker x3  
  141  8:44  Pylon  
  141  8:48  Pylon  
  147  8:52  Pylon  
  139  9:16  Forge  
  139  9:19  Forge  
  139  9:24  Forge  
  139  9:29  Gateway  
  139  9:32  Gateway  
  139  9:34  Gateway  
  139  9:37  Gateway  
  139  9:39  Gateway  
  139  9:41  Stalker  
  139  9:42  Stalker x4  
  149  9:45  Void Ray  
  149  9:46  Void Ray  
  149  9:48  Immortal  
  142  9:57  Gateway  
  140  10:02  Gateway  
  140  10:05  Gateway  
  140  10:07  Probe x2  
  140  10:08  Probe  
  140  10:09  Gateway  
  143  10:19  Probe  
  143  10:20  Probe x2  
  146  10:23  Gateway  
  146  10:30  Protoss Ground Weapons Level 1  
  146  10:31  Protoss Shields Level 1, Protoss Ground Armor Level 1  
  146  10:32  Probe x3  
  149  10:40  Nexus  
  149  10:43  Stalker x2  
  149  10:44  Probe x3, Stalker x4, Gateway  
  149  10:45  Stalker x4, Gateway  
  149  10:46  Gateway  
  172  10:56  Probe  
  173  10:59  Void Ray x2  
  181  11:19  Stalker  
  181  11:20  Stalker x2, Pylon  
  181  11:24  Pylon  
  187  11:30  Pylon  
  187  11:33  Pylon  
  187  11:36  Probe, Pylon  
  187  11:38  Probe x3  
  191  11:48  Probe  
  192  12:03  Stalker  
  192  12:04  Stalker x3  
  200  12:29  Protoss Air Weapons Level 1  
  184  13:12  Protoss Ground Weapons Level 2  
  184  13:13  Protoss Ground Armor Level 2  
  184  13:18  Protoss Shields Level 2  
  167  13:20  Stalker x2  
  167  13:21  Stalker x4  
  167  13:22  Stalker x4  
  167  13:23  Stalker x5  
  167  13:24  Stalker  
  167  13:25  Stalker  
  195  13:29  Void Ray x2  
  195  13:31  Immortal  
  157  13:51  Stalker  
  157  13:52  Stalker x3  
  157  13:53  Stalker x5  
  157  13:54  Stalker x4  
  157  13:55  Stalker x3  
  175  13:56  Stalker x2  
  177  14:11  Immortal  
  177  14:12  Void Ray x2  
  177  14:16  Gateway  
  189  14:19  Gateway  
  189  14:21  Gateway x2  
  185  14:25  Gateway  
  185  14:28  Protoss Air Armor Level 1  
  181  14:41  Stalker x3  
  181  14:42  Stalker x4  
  181  14:43  Stalker x3  
  181  14:44  Stalker x2  
  181  14:45  Stalker  
  199  15:27  Protoss Ground Weapons Level 3  
  199  15:28  Protoss Ground Armor Level 3  
  199  15:32  Protoss Shields Level 3  
  189  15:36  Nexus  
  189  15:39  Pylon  
  189  15:40  Pylon  
  171  15:43  Assimilator  
  171  15:49  Assimilator  
  131  15:58  Stalker x2  
  131  15:59  Stalker x5  
  131  16:00  Stalker  
  131  16:02  Void Ray x2  
  155  16:05  Immortal  
  157  16:14  Stalker x4  
  157  16:15  Stalker x4  
  169  16:29  Templar Archives  
  167  16:44  Immortal  
  167  16:45  Void Ray x2  
  169  17:04  Stalker x2  
  169  17:05  Stalker x4  
  169  17:06  Stalker x3  
  169  17:07  Stalker x4  
  169  17:08  Stalker x2  
  199  17:13  Psionic Storm  
  177  17:48  Assimilator  
  177  17:50  Assimilator  
  171  17:52  Photon Cannon  
  171  17:54  Photon Cannon  
  161  17:59  Photon Cannon  
  161  18:02  Photon Cannon  
  161  18:15  Photon Cannon  
  161  18:18  Photon Cannon  
  153  19:06  Nexus  
  153  19:11  Pylon  
  153  19:12  Pylon  
  153  19:16  Stalker x2  
  157  19:17  Stalker x4  
  157  19:18  Stalker x3  
  157  19:19  Stalker x3  
  157  19:20  Stalker x4  
  157  19:21  Stalker x3  
  157  19:22  Stalker x3  
  157  19:23  Stalker  
Show
View Real Time Build Order
Export as new Build Order

MrFercho Zerg - Winner!

Build Orders: Hatch First 

Get SALT Encoding   

  12  0:01  Drone  
  13  0:13  Overlord  
  13  0:25  Drone  
  14  0:32  Drone x2  
  16  0:45  Drone  
  17  1:05  Hatchery  
  17  1:09  Drone x2  
  18  1:18  Spawning Pool  
  17  1:26  Drone x2  
  17  1:32  Extractor  
  18  1:33  Drone  
  19  1:43  Drone  
  20  1:59  Drone  
  21  2:03  Drone  
  22  2:16  Drone  
  22  2:17  Drone  
  22  2:20  Queen x2  
  28  2:42  Overlord  
  28  2:43  Overlord  
  28  2:55  Roach Warren  
  27  3:00  Queen  
  29  3:12  Drone x6  
  35  3:24  Overlord x2  
  35  3:32  Drone x3  
  38  3:56  Extractor  
  38  4:02  Drone x6, Extractor  
  42  4:11  Extractor  
  41  4:24  Drone x6  
  47  4:33  Drone x2  
  49  4:40  Drone  
  50  4:46  Drone x3  
  50  4:50  Lair  
  53  4:57  Evolution Chamber x2  
  51  5:10  Drone  
  51  5:11  Drone x2  
  51  5:12  Drone x2  
  56  5:25  Roach x2  
  60  5:29  Overlord  
  60  5:36  Hatchery  
  59  5:45  Drone  
  59  5:49  Hatchery  
  61  5:50  Roach x4  
  61  5:53  Overlord x3  
  67  6:08  Hatchery  
  66  6:12  Extractor  
  66  6:16  Extractor  
  64  6:32  Spine Crawler  
  63  6:33  Spine Crawler  
  63  6:35  Drone  
  63  6:36  Drone x2  
  63  6:37  Spore Crawler  
  63  6:39  Overlord x3  
  64  6:43  Zerg Missile Weapons Level 1, Zerg Ground Armor Level 1  
  64  6:47  Hydralisk Den  
  64  6:51  Spire  
  64  6:52  Drone x3  
  65  7:03  Drone x10  
  75  7:16  Roach  
  75  7:17  Roach x2  
  75  7:18  Roach  
  83  7:35  Drone x13  
  90  7:53  Spine Crawler  
  83  8:02  Hydralisk x11  
  105  8:13  Spine Crawler  
  105  8:15  Spine Crawler  
  103  8:21  Hydralisk x5  
  103  8:22  Hydralisk x4  
  107  8:33  Spore Crawler  
  102  8:39  Spine Crawler  
  92  8:52  Hydralisk  
  92  8:53  Hydralisk x10  
  114  9:00  Drone  
  111  9:12  Spine Crawler  
  111  9:13  Hydralisk x3  
  111  9:14  Spine Crawler  
  115  9:37  Hatchery  
  114  9:44  Drone x4  
  118  9:51  Hatchery  
  117  10:07  Drone x5  
  122  10:17  Overlord x4  
  122  10:23  Overseer  
  122  10:36  Hydralisk x6  
  134  10:45  Zerg Flyer Weapons Level 1  
  134  10:47  Zerg Missile Weapons Level 2  
  127  11:18  Extractor  
  127  11:21  Extractor  
  125  11:29  Drone x6  
  125  11:30  Drone x3  
  134  11:35  Hatchery  
  133  11:53  Hatchery  
  132  12:05  Queen  
  134  12:11  Overlord x2  
  134  12:12  Overlord x3  
  134  12:18  Overseer  
  134  12:26  Infestation Pit  
  133  12:30  Zerg Ground Armor Level 2  
  133  12:32  Grooved Spines  
  119  13:09  Hydralisk  
  119  13:10  Hydralisk x11  
  143  13:20  Queen  
  145  13:33  Queen  
  129  13:38  Drone x6  
  129  13:39  Drone x2  
  107  13:43  Muscular Augments  
  107  13:45  Extractor  
  100  13:58  Hydralisk  
  100  13:59  Hydralisk x7  
  116  14:40  Hydralisk x9  
  116  14:41  Hydralisk x10  
  154  14:59  Drone x8  
  165  15:00  Drone x4  
  166  15:30  Lair  
  166  15:31  Glial Reconstitution  
  166  15:36  Hive  
  162  15:54  Drone x5  
  162  15:55  Drone x3  
  152  16:01  Hydralisk x16  
  182  16:05  Overlord x4  
  182  16:06  Overlord x2  
  182  16:10  Extractor  
  173  16:15  Extractor  
  140  16:32  Hydralisk x14  
  152  16:53  Zerg Ground Armor Level 3, Zerg Missile Weapons Level 3  
  152  16:59  Lurker Den  
  151  17:03  Ultralisk Cavern  
  150  17:12  Spine Crawler  
  149  17:32  Hydralisk  
  149  17:33  Hydralisk x24  
  189  17:44  Hydralisk x5  
  189  17:47  Hydralisk  
  189  17:49  Hydralisk  
  155  18:42  Seismic Spines  
  155  18:43  Pathogen Glands  
  155  18:44  Hydralisk  
  155  18:45  Hydralisk x13  
  181  18:55  Pneumatized Carapace  
  181  18:56  Hydralisk x3  
  181  18:59  Hydralisk, Drone  
  190  19:16  Mutalisk  
  162  19:17  Mutalisk x4  
  162  19:18  Mutalisk  
Show
View Real Time Build Order
Export as new Build Order

tigro Terran - Winner!

Build Orders:  

Get SALT Encoding   

  12  0:03  SCV  
  13  0:15  SCV  
  14  0:30  Supply Depot  
  14  0:36  SCV  
  15  0:42  Refinery  
  15  0:52  SCV  
  16  1:03  Barracks  
  16  1:04  SCV  
  17  1:08  Refinery  
  17  1:16  SCV  
  18  1:28  SCV  
  18  1:31  Supply Depot  
  19  1:40  SCV  
  20  1:52  SCV, Marine  
  22  2:04  SCV  
  23  2:09  Barracks  
  23  2:10  Marine  
  24  2:16  SCV  
  25  2:28  Marine  
  26  2:32  SCV  
  27  2:45  Marine  
  27  2:51  Engineering Bay  
  28  3:02  Factory  
  28  3:03  Marine  
  29  3:11  Barracks Tech Lab  
  29  3:15  Orbital Command  
  29  3:34  Terran Infantry Weapons Level 1  
  29  3:40  Barracks Tech Lab  
  29  3:41  Command Center  
  29  3:59  Factory Tech Lab  
  29  4:01  Combat Shield  
  29  4:05  Stimpack  
  29  4:27  Refinery  
  29  4:31  Missile Turret  
  29  4:54  Siege Tank  
  32  5:03  Missile Turret  
  32  5:06  Refinery  
  32  5:07  SCV  
  33  5:19  SCV  
  33  5:20  Concussive Shells  
  34  5:25  Starport  
  34  5:28  Terran Infantry Armor Level 1  
  34  5:31  SCV  
  35  5:43  SCV  
  36  5:55  SCV  
  37  5:58  Marine x2  
  37  6:02  Starport  
  39  6:16  Marine x2  
  41  6:20  Planetary Fortress  
  41  6:23  Supply Depot  
  41  6:30  Medivac  
  43  6:33  Marine  
  43  6:34  Marine  
  45  6:41  Fusion Core  
  45  6:46  Supply Depot, Starport Tech Lab  
  45  6:48  Armory  
  45  6:51  Marine x2  
  47  7:09  SCV, Marine x2  
  50  7:21  SCV  
  51  7:22  Hi-Sec Auto Tracking  
  51  7:33  SCV  
  52  7:39  Missile Turret  
  52  7:45  SCV  
  53  7:58  SCV, Starport Tech Lab  
  54  8:03  Missile Turret  
  54  8:17  Weapon Refit  
  54  8:19  Neosteel Armor  
  54  8:20  Terran Vehicle Weapons Level 1  
  54  8:23  Missile Turret  
  52  8:45  Missile Turret  
  42  8:57  Marine  
  42  8:58  Marine  
  43  9:15  Marine x2  
  45  9:19  Missile Turret  
  45  9:27  Battlecruiser x2  
  57  9:33  Marine x2  
  59  9:41  Missile Turret  
  59  9:51  Marine x2  
  61  9:57  Rapid Reignition System  
  61  10:09  Marine x2  
  63  10:15  Terran Vehicle And Ship Armor Level 1  
  63  10:26  Marine  
  63  10:27  Marine  
  65  10:31  Terran Infantry Weapons Level 2  
  65  10:44  Marine x2  
  67  10:53  Advanced Ballistics  
  67  11:02  Marine x2  
  69  11:17  Missile Turret, Thor  
  75  11:20  Marine x2  
  75  11:24  Battlecruiser  
  83  11:38  Marine x2  
  85  11:50  Missile Turret  
  85  11:55  Marine  
  85  11:56  Marine  
  85  12:00  Thor  
  93  12:09  Terran Ship Weapons Level 1  
  93  12:12  Missile Turret  
  93  12:13  Marine  
  94  12:30  Smart Servos  
  94  12:31  Supply Depot  
  94  12:33  Missile Turret  
  94  12:46  Terran Infantry Armor Level 2  
  94  12:53  SCV, Marine  
  94  12:55  Supply Depot  
  94  12:57  Missile Turret  
  96  13:05  SCV  
  97  13:15  Marine x2  
  97  13:17  SCV  
  97  13:19  Supply Depot, Missile Turret  
  100  13:29  SCV  
  100  13:32  Marine  
  100  13:33  Marine  
  98  13:41  SCV  
  98  13:42  Missile Turret  
  99  13:49  Mag-Field Accelerator  
  99  13:50  Marine  
  99  13:51  Marine  
  101  14:02  Missile Turret  
  101  14:03  Terran Vehicle Weapons Level 2  
  101  14:08  Marine x2  
  84  14:26  Marine x2  
  84  14:28  Missile Turret  
  80  14:44  Marine x2  
  74  15:02  Marine x2  
  54  15:19  Marine  
  54  15:20  Marine  
  52  15:28  Battlecruiser, Infernal Pre-Igniter  
  52  15:29  Battlecruiser  
  62  15:37  Marine x2  
  62  16:10  Command Center  
  62  16:15  Refinery  
  62  16:26  Refinery  
  62  16:33  Battlecruiser x2  
  74  16:47  Drilling Claws  
  74  17:34  Marine  
  74  17:35  Marine  
  82  17:37  Battlecruiser, Medivac  
  84  18:07  Battlecruiser  
  96  18:41  Battlecruiser  
Tags
 
Add a new tag
Caveats
  • Supply blocks, unpowered buildings, or Contaminate may cause inaccurate times.
  • Supply counts are checked every 10 seconds.